 Dungeon Crawl Stone Soup version 0.31.0-12-g77e489cdc1 (webtiles) character file.

Game seed: 13024015124204554754

602 lordive the Conjurer (level 7, 0/43 HPs)
             Began as an Octopode Conjurer on Feb 29, 2024.
             Was an Initiate of Vehumet.
             Slain by an ice beast (4 damage)
             ... on level 4 of the Dungeon.
             The game lasted 00:07:31 (4758 turns).

lordive the Conjurer (Octopode Conjurer)            Turns: 4758, Time: 00:07:33

Health: 0/43       AC:  1    Str:  6    XL:     7   Next: 41%
Magic:  6/13       EV: 13    Int: 22    God:    Vehumet [......]
Gold:   219        SH:  0    Dex: 11    Spells: 11/14 levels left

rFire   . . .        (no weapon)
rCold   . . .        (no shield)
rNeg    . . .        (helmet restricted)
rPois   .            (no amulet)
rElec   .            (no ring)
rCorr   .            (no ring)
SInv    .            (no ring)
Will    .....        (no ring)
Stlth   ++++         (no ring)
HPRegen 0.27/turn    (no ring)
MPRegen 0.13/turn    (no ring)
                     (no ring)

%: no passive effects
@: no status effects
A: almost no armour, amphibious, 8 rings, camouflage 1, gelatinous body 1,
(nimble swimmer 1), tentacles
a: Renounce Religion


You were on level 4 of the Dungeon.
You worshipped Vehumet.
Vehumet was noncommittal.
You visited 2 branches of the dungeon, and saw 5 of its levels.

You collected 219 gold pieces.

Inventory:

Wands
 l - a wand of mindburst (12)
 p - a wand of paralysis (6)
Scrolls
 e - a scroll of vulnerability {unknown}
 f - 2 scrolls of blinking {unknown}
 g - a scroll of teleportation {unknown}
 i - a scroll of torment {unknown}
 k - a scroll of amnesia {unknown}
 n - a scroll of fear {unknown}
 o - 2 scrolls of identify {unknown}
 q - a scroll of enchant armour {unknown}
 r - a scroll of fog {unknown}
Potions
 a - 2 potions of magic
 b - 4 potions of brilliance {unknown}
 c - a potion of attraction {unknown}
 d - a potion of heal wounds {unknown}
 h - a potion of might {unknown}
 j - a potion of ambrosia {unknown}
 m - a potion of invisibility {unknown}


   Skills:
 + Level 1.0 Fighting
 + Level 2.5 Dodging
 + Level 5.5 Stealth
 + Level 4.1 Spellcasting
 + Level 6.5 Conjurations


You had 11 spell levels left.
You knew the following spells:

 Your Spells              Type           Power      Damage    Failure   Level
a - Magic Dart            Conj           100%       1d8       1%          1
b - Searing Ray           Conj           66%        2d6       1%          2

Your spell library contained the following spells:

 Spells                   Type           Power      Damage    Failure   Level
 Fulminant Prism          Conj/Alch      9%         3d7       28%         4
 Iskenderun's Mystic Bla  Conj/Tloc      18%        2d6       28%         4
 Passage of Golubria      Tloc           4%         N/A       73%         4
 Silence                  Hex/Air        2%         N/A       97%         5
 Lehudib's Crystal Spear  Conj/Erth      9%         10d4      100%        8


Dungeon Overview and Level Annotations

Branches:
Dungeon (4/15)             Temple (1/1) D:4

Altars:
Ashenzari
Elyvilon
Fedhas
Gozag
Hepliaklqana
Kikubaaqudgha
Makhleb
Okawaru
Qazlal
Ru
Sif Muna
Trog
Uskayaw
Vehumet
Xom
Yredelemnul
Zin
The Shining One

Shops:
D:2 !

Annotations:
D:3 3 runed translucent doors, Asa's ghost, amateur DjIE


Innate Abilities, Weirdness & Mutations

You cannot wear most types of armour.
You are amphibious.
You can wear up to eight rings at the same time.
Your skin changes colour to match your surroundings (Stealth+).
Your rubbery body absorbs attacks. (AC +1, EV +1)
((You are camouflaged when in or above water. (Stealth+)))
You have tentacles for arms and can constrict up to eight enemies at once.


Message History

Vehumet accepts your kill.
Found a stone staircase leading down.
Found 6 stones.
Found a long sword.
r - a scroll labelled JAN DADOAFAIRPH
Things that are here:
a +1 whip of venom; a kobold skeleton
Found a leather armour.
An ice beast is nearby!
An ice beast is nearby!
An ice beast is nearby!
Casting: Searing Ray (safe; 1% risk of failure)
Confirm with . or Enter, or press ? or * to list all spells.
Aiming: Searing Ray (safe; 1% risk of failure)
Press: ? - help, Shift-Dir - straight line, f - ice beast
Aim: an ice beast (81% to hit)
The searing ray hits the ice beast!
The ice beast is moderately wounded. (Press . to maintain the ray.)
The searing ray hits the ice beast.
The ice beast is heavily wounded.
The ice beast hits you. The ice beast freezes you!
The searing ray hits the ice beast.
The ice beast is severely wounded.
The ice beast hits you. The ice beast freezes you!
The searing ray hits the ice beast.
The ice beast is severely wounded.
You finish channelling your searing ray.
The ice beast hits you. The ice beast freezes you!
* * * LOW HITPOINT WARNING * * *
Casting: Searing Ray (safe; 1% risk of failure)
Confirm with . or Enter, or press ? or * to list all spells.
Aiming: Searing Ray (safe; 1% risk of failure)
Press: ? - help, Shift-Dir - straight line, f/p - ice beast
Aim: an ice beast (severely wounded, 81% to hit)
The searing ray hits the ice beast!
The ice beast is almost dead. (Press . to maintain the ray.)
The ice beast hits you.
You die...

#######..............###...
#.##.##....................
##..#..#..................#.
#.....................#.#..#
#........#............###..#
###.####.##..........(###..#
#########............#....
#...##...............).
#....Y@.##....##.......
#..#..###<.#####...##.. ..
##......# ##..##...
......#.##.# ##........
.......##..# #.........
.#####..##.. #.........
......###......... ...
#............. .#..
#..#.##....>..


You could see an ice beast.

Vanquished Creatures
  A black bear (D:3)
  A bullfrog (D:3)
  A necrophage (D:4)
  A scorpion (D:4)
  A bombardier beetle (D:3)
  2 jellies
  Ijyb (D:3)
  A hound skeleton (D:4)
  A gnoll (D:1)
  9 adders
  A dart slug (D:3)
  5 orcs
  4 ball pythons
  8 bats
  12 endoplasms
  A giant cockroach (D:4)
  3 goblins
  7 hobgoblins
  14 kobolds
  3 quokkas
  2 frilled lizards
  7 rats
86 creatures vanquished.

Notes
Turn   | Place    | Note
-------+----------+-------------------------------------------
     0 | D:1      | lordive the Octopode Conjurer began the quest for the Orb.
     0 | D:1      | Reached XP level 1. HP: 11/11 MP: 3/3
   218 | D:1      | Reached XP level 2. HP: 17/17 MP: 1/5
   385 | D:1      | Learned a level 2 spell: Searing Ray
   724 | D:1      | Reached XP level 3. HP: 20/21 MP: 3/6
  1263 | D:2      | Found Igyxes's Distillery.
  1271 | D:2      | Reached skill level 5 in Conjurations
  1570 | D:2      | Reached XP level 4. HP: 27/27 MP: 3/7
  2116 | D:3      | Found a runed translucent gate.
  2116 | D:3      | Found a runed translucent gate.
  2116 | D:3      | Noticed Asa's ghost (amateur DjIE)
  2117 | D:3      | Found a runed translucent gate.
  2365 | D:3      | Reached XP level 5. HP: 31/31 MP: 0/9
  2550 | D:3      | Noticed a black bear
  2561 | D:3      | Killed a black bear
  2562 | D:3      | Reached XP level 6. HP: 4/36 MP: 0/10
  2844 | D:3      | Found a glowing silver altar of Zin.
  2844 | D:3      | Found a hazy altar of Hepliaklqana.
  2844 | D:3      | Found an ancient bone altar of Kikubaaqudgha.
  2844 | D:3      | Found a shimmering altar of Xom.
  2844 | D:3      | Found a radiant altar of Vehumet.
  2844 | D:3      | Found a blossoming altar of Fedhas.
  3037 | D:3      | Reached skill level 6 in Conjurations
  3620 | D:4      | Noticed an ice beast
  3672 | D:4      | Noticed Ijyb
  3689 | D:4      | Reached skill level 5 in Stealth
  3948 | D:4      | Found a burning altar of Makhleb.
  3957 | D:4      | Reached XP level 7. HP: 33/42 MP: 2/12
  4059 | D:4      | Found a staircase to the Ecumenical Temple.
  4082 | Temple   | Entered the Ecumenical Temple
  4094 | Temple   | Became a worshipper of Vehumet
  4198 | D:4      | Identified the +0 scale mail "Edghen" {-Cast rElec rN+
                  | Dex+2}
  4202 | D:4      | Paralysed by Ijyb for 5 turns
  4219 | D:3      | Paralysed by Ijyb for 3 turns
  4226 | D:3      | Paralysed by Ijyb for 3 turns
  4237 | D:3      | Killed Ijyb
  4387 | D:3      | Reached skill level 1 in Fighting
  4758 | D:4      | Slain by an ice beast

Illustrated notes

Levels and vault maps discovered:
D:1:      lightli_arrival_statue_moat, layout_rooms, minmay_misc_feat_enclosed
D:2:      layout_rooms, serial_shops, nicolae_shop_peninsula
D:3:      cheibrodos_fertilizer, layout_loops_ring, ebering_ghost_rock_garden,
          minivault_11
D:4:      layout_cave_pools, makhleb_blood_cavern_becter,
          minmay_temple_entry_mist, uniq_ijyb
Temple:   nicolae_temple_bog_church

Skill      XL: |  1  2  3  4  5  6  7 |
---------------+----------------------+-----
Stealth        | 3 4 5 |  5.5
Conjurations   | 5 6 |  6.5
Spellcasting   | 3 4 |  4.1
Fighting       | 1 |  1.0
Dodging        | |  2.5

Action                     |  1- 3 |  4- 6 |  7- 9 || total
---------------------------+-------+-------+-------++-------
  Melee: Unarmed           |     1 |     4 |     9 ||    14
         Constrict         |     1 |     1 |     1 ||     3
         Tentacles         |     1 |       |     2 ||     3
         Punch             |       |       |     1 ||     1
   Cast: Magic Dart        |    23 |    23 |     1 ||    47
         Searing Ray       |    13 |    32 |    11 ||    56
 Armour: Skin              |     6 |    24 |    24 ||    54
  Dodge: Dodged            |     6 |    21 |    19 ||    46
